TOP OF THE 1ST |
Chattanooga Chinpokomon batting - Pitching for Richmond Flairs : RHP Gene O'Neal
|
Pitching: RHP Gene O'Neal
|
|
Batting: RHB Patrick Potts
|
0-0: Foul Ball, location: 2F 0-1: Swinging Strike 0-2: Ball 1-2: Ground out 5-3 (Groundball, 56)
|
Batting: RHB Cristo García
|
0-0: Ball 1-0: Ground out 1-3 (Groundball, 13S)
|
Batting: RHB Casey Fox
|
0-0: Hit by Pitch
|
Batting: RHB Ramiro Chávez
|
0-0: Called Strike 0-1: Ball 1-1: SINGLE (Flyball, 8LS) Casey Fox to second
|
Batting: RHB Armando Cuevas
|
0-0: Called Strike 0-1: Foul Ball, location: 2F 0-2: Foul Ball, location: 2F 0-2: Ball 1-2: Strikes out swinging
|
Top of the 1st over - 0 run(s), 1 hit(s), 0 error(s), 2 left on base; Chattanooga 0 - Richmond 0 |
BOTTOM OF THE 1ST |
Richmond Flairs batting - Pitching for Chattanooga Chinpokomon : LHP Júlio Gracía
|
Pitching: LHP Júlio Gracía
|
|
Batting: RHB Javier Rentería
|
0-0: Ball 1-0: Called Strike 1-1: Ground out 6-3 (Groundball, 6)
|
Batting: LHB Dave Gray
|
0-0: Ball 1-0: Ball 2-0: Reached on error, E7 (Flyball, 7S)
|
Batting: LHB Sean Nicks
|
0-0: Ball 1-0: Ball 2-0: Called Strike 2-1: Ball 3-1: Foul Ball, location: 2F 3-2: Grounds into double play, 4-6-3 (Groundball, 34)
|
Bottom of the 1st over - 0 run(s), 0 hit(s), 1 error(s), 0 left on base; Chattanooga 0 - Richmond 0 |
TOP OF THE 2ND |
Chattanooga Chinpokomon batting - Pitching for Richmond Flairs : RHP Gene O'Neal
|
Batting: RHB Irving Galloway
|
0-0: Ball 1-0: SINGLE (Line Drive, 34)
|
Batting: RHB Juan Pérez
|
0-0: Ball 1-0: Ball 2-0: Foul Ball, location: 2F 2-1: Ball 3-1: Called Strike 3-2: Foul Ball, location: 2F 3-2: Base on Balls Irving Galloway to second
|
Batting: RHB Luis Antonio Velásquez
|
0-0: Called Strike 0-1: Ball 1-1: Ball 2-1: Ball 3-1: Foul Ball, location: 2F 3-2: Strikes out swinging
|
Batting: RHB Manuel Ortega
|
0-0: Called Strike 0-1: Ball 1-1: Ball 2-1: Ball 3-1: Fly out, F6 (Line Drive, 6)
|
Batting: RHB Patrick Potts
|
0-0: Ball 1-0: Foul Ball, location: 2F 1-1: Called Strike 1-2: Ball 2-2: Ball Wild Pitch! Irving Galloway to third Juan Pérez to second 3-2: Fly out, F6 (Line Drive, 6M)
|
Top of the 2nd over - 0 run(s), 1 hit(s), 0 error(s), 2 left on base; Chattanooga 0 - Richmond 0 |
BOTTOM OF THE 2ND |
Richmond Flairs batting - Pitching for Chattanooga Chinpokomon : LHP Júlio Gracía
|
Batting: LHB Roland Jones
|
0-0: Ground out 5-3 (Groundball, 56S)
|
Batting: LHB R.J. Courtney
|
0-0: Swinging Strike 0-1: Foul Ball, location: 2F 0-2: Ball 1-2: Ball 2-2: Ball 3-2: Foul Ball, location: 2F 3-2: Fly out, F8 (Flyball, 8RM)
|
Batting: SHB Carlos Reyes
|
0-0: Ball 1-0: Ball 2-0: Called Strike 2-1: Foul Ball, location: 2F 2-2: Foul Ball, location: 2F 2-2: Foul Ball, location: 2F 2-2: Ball 3-2: SINGLE (Flyball, 8LS)
|
Batting: RHB R.J. Crosby
|
0-0: Ball 1-0: Called Strike 1-1: Ball 2-1: Fly out, F8 (Line Drive, 8RXD)
|
Bottom of the 2nd over - 0 run(s), 1 hit(s), 0 error(s), 1 left on base; Chattanooga 0 - Richmond 0 |
TOP OF THE 3RD |
Chattanooga Chinpokomon batting - Pitching for Richmond Flairs : RHP Gene O'Neal
|
Batting: RHB Cristo García
|
0-0: Ball 1-0: Ball 2-0: Called Strike 2-1: Ball 3-1: Called Strike 3-2: Base on Balls
|
Batting: RHB Casey Fox
|
0-0: SINGLE (Groundball, 3D) Cristo García to second Runner from 2nd tries for 3rd, SAFE, throw made to third
|
Batting: RHB Ramiro Chávez
|
0-0: Ball 1-0: Ball 2-0: Foul Ball, location: 2F 2-1: Ball 3-1: SINGLE (Groundball, 6D) Cristo García scores Casey Fox to second
|
Batting: RHB Armando Cuevas
|
0-0: Fly out, F8 (Flyball, 89S)
|
Batting: RHB Irving Galloway
|
0-0: Ball 1-0: Ball Casey Fox steals 3rd base Ramiro Chávez to second 2-0: Foul Ball, location: 2F 2-1: Ball 3-1: Fly out, F9 (Flyball, 89M) Runner from 3rd tags up, SCORES, no throw
|
Batting: RHB Juan Pérez
|
0-0: Fly out, F7 (Line Drive, 7D)
|
Top of the 3rd over - 2 run(s), 2 hit(s), 0 error(s), 1 left on base; Chattanooga 2 - Richmond 0 |
BOTTOM OF THE 3RD |
Richmond Flairs batting - Pitching for Chattanooga Chinpokomon : LHP Júlio Gracía
|
Batting: RHB Jack Ray
|
0-0: Ball 1-0: Foul Ball, location: 2F 1-1: Called Strike 1-2: Foul Ball, location: 2F 1-2: Ball 2-2: SINGLE (Groundball, 6MD)
|
Batting: RHB Gary Thomas
|
0-0: Called Strike 0-1: SINGLE (Flyball, 8RS) Jack Ray to second Runner from 2nd tries for 3rd, OUT!
|
Batting: RHB Javier Rentería
|
0-0: Foul Ball, location: 2F 0-1: Fly out, F8 (Flyball, 8RM)
|
Batting: LHB Dave Gray
|
0-0: Swinging Strike 0-1: Swinging Strike 0-2: Strikes out swinging
|
Bottom of the 3rd over - 0 run(s), 2 hit(s), 0 error(s), 1 left on base; Chattanooga 2 - Richmond 0 |
TOP OF THE 4TH |
Chattanooga Chinpokomon batting - Pitching for Richmond Flairs : RHP Gene O'Neal
|
Batting: RHB Luis Antonio Velásquez
|
0-0: Called Strike 0-1: Ball 1-1: Foul Ball, location: 2F 1-2: Ground out 5-3 (Groundball, 56S)
|
Batting: RHB Manuel Ortega
|
0-0: Ball 1-0: Swinging Strike 1-1: Foul Ball, location: 2F 1-2: Ground out 4-3 (Groundball, 34)
|
Batting: RHB Patrick Potts
|
0-0: Ball 1-0: Called Strike 1-1: Ball 2-1: Ball 3-1: Base on Balls
|
Batting: RHB Cristo García
|
0-0: Ball 1-0: Called Strike 1-1: Ground out 4-3 (Groundball, 4M)
|
Top of the 4th over - 0 run(s), 0 hit(s), 0 error(s), 1 left on base; Chattanooga 2 - Richmond 0 |
BOTTOM OF THE 4TH |
Richmond Flairs batting - Pitching for Chattanooga Chinpokomon : LHP Júlio Gracía
|
Batting: LHB Sean Nicks
|
0-0: Ball 1-0: Called Strike 1-1: Ball 2-1: Called Strike 2-2: Foul Ball, location: 2F 2-2: Fly out, F8 (Flyball, 89XD)
|
Batting: LHB Roland Jones
|
0-0: Called Strike 0-1: Ball 1-1: SINGLE (Groundball, 6D)
|
Batting: LHB R.J. Courtney
|
0-0: Foul Ball, location: 2F 0-1: Ball 1-1: Swinging Strike 1-2: Strikes out swinging
|
Batting: SHB Carlos Reyes
|
0-0: Called Strike Roland Jones steals 2nd base 0-1: Called Strike 0-2: Foul Ball, location: 2F 0-2: Ball 1-2: Ground out 5-3 (Groundball, 25)
|
Bottom of the 4th over - 0 run(s), 1 hit(s), 0 error(s), 1 left on base; Chattanooga 2 - Richmond 0 |
TOP OF THE 5TH |
Chattanooga Chinpokomon batting - Pitching for Richmond Flairs : RHP Gene O'Neal
|
Batting: RHB Casey Fox
|
0-0: Called Strike 0-1: Ball 1-1: Swinging Strike 1-2: SINGLE (Flyball, 78S)
|
Batting: RHB Ramiro Chávez
|
0-0: Called Strike 0-1: Ball 1-1: Ball 2-1: Ball 3-1: Foul Ball, location: 2F 3-2: Foul Ball, location: 2F 3-2: Ground out U3 (Groundball, 34) Casey Fox to second
|
Batting: RHB Armando Cuevas
|
0-0: Called Strike 0-1: Foul Ball, location: 2F 0-2: Foul Ball, location: 2F 0-2: Ball 1-2: Ground out 6-3 (Groundball, 6)
|
Batting: RHB Irving Galloway
|
0-0: Ball 1-0: Foul Ball, location: 2F 1-1: Ground out 6-3 (Groundball, 6M)
|
Top of the 5th over - 0 run(s), 1 hit(s), 0 error(s), 1 left on base; Chattanooga 2 - Richmond 0 |
BOTTOM OF THE 5TH |
Richmond Flairs batting - Pitching for Chattanooga Chinpokomon : LHP Júlio Gracía
|
Batting: RHB R.J. Crosby
|
0-0: Ball 1-0: Foul Ball, location: 2F 1-1: Fly out, F6 (Line Drive, 6)
|
Batting: RHB Jack Ray
|
0-0: Called Strike 0-1: Ball 1-1: Ground out 5-3 (Groundball, 56)
|
Batting: RHB Gary Thomas
|
0-0: Called Strike 0-1: Swinging Strike 0-2: Strikes out swinging
|
Bottom of the 5th over - 0 run(s), 0 hit(s), 0 error(s), 0 left on base; Chattanooga 2 - Richmond 0 |
TOP OF THE 6TH |
Chattanooga Chinpokomon batting - Pitching for Richmond Flairs : RHP Gene O'Neal
|
Batting: RHB Juan Pérez
|
0-0: Ball 1-0: Swinging Strike 1-1: Ball 2-1: Foul Ball, location: 2F 2-2: Ball 3-2: Base on Balls
|
Pitching: LHP Salvador Rodríguez
|
|
Batting: RHB Luis Antonio Velásquez
|
0-0: Ball 1-0: Ball 2-0: Swinging Strike 2-1: Called Strike 2-2: Foul Ball, location: 2F 2-2: Ball 3-2: Base on Balls Juan Pérez to second
|
Batting: RHB Manuel Ortega
|
0-0: Ball 1-0: Foul Ball, location: 2F 1-1: Swinging Strike 1-2: Ball 2-2: Strikes out swinging
|
Batting: RHB Patrick Potts
|
0-0: Ball 1-0: Ball Juan Pérez steals 3rd base Luis Antonio Velásquez to second 2-0: Ball 3-0: Called Strike 3-1: Called Strike 3-2: Strikes out looking
|
Batting: RHB Cristo García
|
0-0: Called Strike 0-1: Foul Ball, location: 2F 0-2: Ground out 6-3 (Groundball, 6M)
|
Top of the 6th over - 0 run(s), 0 hit(s), 0 error(s), 2 left on base; Chattanooga 2 - Richmond 0 |
BOTTOM OF THE 6TH |
Richmond Flairs batting - Pitching for Chattanooga Chinpokomon : LHP Júlio Gracía
|
Batting: RHB Javier Rentería
|
0-0: Ball 1-0: Foul Ball, location: 2F 1-1: Called Strike 1-2: Ball 2-2: Foul Ball, location: 2F 2-2: Ball 3-2: Strikes out looking
|
Batting: LHB Dave Gray
|
0-0: Fly out, F7 (Flyball, 7LM)
|
Batting: LHB Sean Nicks
|
0-0: Called Strike 0-1: Fly out, F9 (Flyball, 9)
|
Bottom of the 6th over - 0 run(s), 0 hit(s), 0 error(s), 0 left on base; Chattanooga 2 - Richmond 0 |
TOP OF THE 7TH |
Chattanooga Chinpokomon batting - Pitching for Richmond Flairs : LHP Salvador Rodríguez
|
Batting: RHB Casey Fox
|
0-0: Ball 1-0: Fly out, F7 (Line Drive, 7)
|
Batting: RHB Ramiro Chávez
|
0-0: Ball 1-0: Ball 2-0: Called Strike 2-1: Ball 3-1: Ground out 4-3 (Groundball, 4)
|
Batting: RHB Armando Cuevas
|
0-0: SINGLE (Groundball, 56D)
|
Batting: RHB Irving Galloway
|
0-0: Ball 1-0: Ball 2-0: Fielders Choice at 2nd, 6-4 (Groundball, 6)
|
Top of the 7th over - 0 run(s), 1 hit(s), 0 error(s), 0 left on base; Chattanooga 2 - Richmond 0 |
BOTTOM OF THE 7TH |
Richmond Flairs batting - Pitching for Chattanooga Chinpokomon : LHP Júlio Gracía
|
Batting: LHB Roland Jones
|
0-0: Ball 1-0: Foul Ball, location: 2F 1-1: Ball 2-1: Foul Ball, location: 2F 2-2: Foul Ball, location: 2F 2-2: Foul Ball, location: 2F 2-2: Strikes out swinging
|
Pitching: LHP Jeff Hardin
|
|
Batting: LHB R.J. Courtney
|
0-0: SOLO HOME RUN (Flyball, 89XD), Distance : 393 ft
|
Batting: SHB Carlos Reyes
|
0-0: Ball 1-0: Called Strike 1-1: Ball 2-1: Swinging Strike 2-2: Ball 3-2: Foul Ball, location: 2F 3-2: Foul Ball, location: 2F 3-2: Strikes out swinging
|
Batting: RHB R.J. Crosby
|
0-0: Ball 1-0: Ball 2-0: Called Strike 2-1: Ball 3-1: Called Strike 3-2: Base on Balls
|
Batting: RHB Jack Ray
|
0-0: Ground out 5-3 (Groundball, 56S)
|
Bottom of the 7th over - 1 run(s), 1 hit(s), 0 error(s), 1 left on base; Chattanooga 2 - Richmond 1 |
TOP OF THE 8TH |
Chattanooga Chinpokomon batting - Pitching for Richmond Flairs : LHP Salvador Rodríguez
|
Batting: RHB Juan Pérez
|
0-0: Fly out, F8 (Flyball, 8LD)
|
Batting: RHB Luis Antonio Velásquez
|
0-0: Called Strike 0-1: Ball 1-1: Ground out 4-3 (Groundball, 34)
|
Batting: RHB Manuel Ortega
|
0-0: Called Strike 0-1: Swinging Strike 0-2: Ball 1-2: Strikes out swinging
|
Top of the 8th over - 0 run(s), 0 hit(s), 0 error(s), 0 left on base; Chattanooga 2 - Richmond 1 |
BOTTOM OF THE 8TH |
Richmond Flairs batting - Pitching for Chattanooga Chinpokomon : LHP Jeff Hardin
|
Pitching: RHP Carlos Mendoza
|
|
Batting: RHB Gary Thomas
|
0-0: Ball 1-0: SINGLE (Line Drive, 78S)
|
Batting: RHB Javier Rentería
|
0-0: Ball 1-0: Bunted foul 1-1: Ball 2-1: Bunted foul 2-2: Fly out, F8 (Flyball, 8LM)
|
Pitching: LHP Esteban Santos
|
|
Pinch Hitting: RHB Liangde Que
|
0-0: Foul Ball, location: 2F 0-1: Called Strike 0-2: Strikes out swinging
|
Pinch Hitting: SHB Adrián Miranda
|
0-0: Foul Ball, location: 2F 0-1: Ball 1-1: Foul Ball, location: 2F 1-2: Strikes out looking
|
Bottom of the 8th over - 0 run(s), 1 hit(s), 0 error(s), 1 left on base; Chattanooga 2 - Richmond 1 |
TOP OF THE 9TH |
Chattanooga Chinpokomon batting - Pitching for Richmond Flairs : LHP Salvador Rodríguez
|
Now at 1B: Liangde Que
|
|
Now at SS: Maresuke Yoshida
|
|
Batting: RHB Patrick Potts
|
0-0: Called Strike 0-1: Ground out U3 (Groundball, 34)
|
Pitching: RHP Frank Martin
|
|
Batting: RHB Cristo García
|
0-0: Called Strike 0-1: Ball 1-1: Foul Ball, location: 2F 1-2: SINGLE (Line Drive, 34D)
|
Batting: RHB Casey Fox
|
0-0: Fly out, F7 (Flyball, 7)
|
Batting: RHB Ramiro Chávez
|
0-0: Called Strike Throwing error on steal attempt, E2 Cristo García to third 0-1: Ball 1-1: Called Strike 1-2: Ball 2-2: SINGLE (Groundball, 56D) Cristo García scores
|
Batting: RHB Armando Cuevas
|
0-0: Called Strike 0-1: Ball 1-1: Foul Ball, location: 2F 1-2: Ball 2-2: Foul Ball, location: 2F 2-2: Ground out 6-3 (Groundball, 56)
|
Top of the 9th over - 1 run(s), 2 hit(s), 1 error(s), 1 left on base; Chattanooga 3 - Richmond 1 |
BOTTOM OF THE 9TH |
Richmond Flairs batting - Pitching for Chattanooga Chinpokomon : LHP Esteban Santos
|
Pitching: LHP Bob Quested
|
|
Batting: LHB Roland Jones
|
0-0: Ball 1-0: Called Strike 1-1: Swinging Strike 1-2: Strikes out swinging
|
Batting: LHB R.J. Courtney
|
0-0: Foul Ball, location: 2F 0-1: Called Strike 0-2: Strikes out swinging
|
Batting: SHB Carlos Reyes
|
0-0: Swinging Strike 0-1: Ball 1-1: Ball 2-1: Foul Ball, location: 2F 2-2: Foul Ball, location: 2F 2-2: Foul Ball, location: 2F 2-2: Ground out 4-3 (Groundball, 4)
|
Bottom of the 9th over - 0 run(s), 0 hit(s), 0 error(s), 0 left on base; Chattanooga 3 - Richmond 1 |
|